EL
MISSISSIPPI BRAVES @ JACKSONVILLE SUNS
05/25/2045
 
TOP OF THE 1ST
Mississippi Braves batting - Pitching for Jacksonville Suns : LHP Jeff Tavella
Pitching: LHP Jeff Tavella
Batting: RHB Edgar Castillo 0-0: Foul Ball, location: 2F
0-1: SINGLE (Line Drive, 7S, EV 90.6 MPH)
Batting: LHB Mark Buchholz 0-0: Ball
Edgar Castillo steals 2nd base
1-0: Ball
2-0: Ball
3-0: Base on Balls
Batting: RHB Xavier Davis 0-0: Ball
1-0: Fly out, F4 (Popup, 34, EV 71.2 MPH)
Batting: SHB Brian Bagley 0-0: Called Strike
Edgar Castillo steals 3rd base
Mark Buchholz to second
0-1: Ball
1-1: Foul Ball, location: 2F
1-2: Fly out, F8 (Flyball, 8RM, EV 93.8 MPH)
Runner from 3rd tags up, SCORES, throw by CF
Mark Buchholz to third
Batting: SHB Bob Morales 0-0: Ground out 5-3 (Groundball, 56, EV 96.9 MPH)
Top of the 1st over - 1 run, 1 hit, 0 errors, 1 left on base; Mississippi 1 - Jacksonville 0
BOTTOM OF THE 1ST
Jacksonville Suns batting - Pitching for Mississippi Braves : RHP Rodolfo Mendez
Pitching: RHP Rodolfo Mendez
Batting: LHB Jose Bregaro 0-0: Ball
1-0: Foul Ball, location: 2F
1-1: Fly out, F8 (Line Drive, 8LM, EV 91.9 MPH)
Batting: LHB Mike Kara 0-0: Fly out, F5 (Line Drive, 5, EV 66.2 MPH)
Batting: LHB Chris Jonas 0-0: Ball
1-0: Foul Ball, location: 2F
1-1: Fly out, F7 (Flyball, 7S, EV 85.0 MPH)
Bottom of the 1st over - 0 runs, 0 hits, 0 errors, 0 left on base; Mississippi 1 - Jacksonville 0
TOP OF THE 2ND
Mississippi Braves batting - Pitching for Jacksonville Suns : LHP Jeff Tavella
Batting: LHB Chad Persaud 0-0: SINGLE (Flyball, 8RS, EV 91.9 MPH)
Batting: RHB Justin McQuarter 0-0: Ball
1-0: Foul Ball, location: 2F
1-1: Fielders Choice at 2nd, 5-4 (Groundball, 56, EV 86.9 MPH)
Batting: RHB Sung-hwan Jung 0-0: Called Strike
0-1: Called Strike
0-2: SINGLE (Groundball, 6D, EV 105.0 MPH)
Justin McQuarter to second
Batting: LHB Jose Chinchilla 0-0: Ball
1-0: Foul Ball, location: 2F
1-1: Ball
2-1: Foul Ball, location: 2F
2-2: Strikes out swinging
Batting: RHB Edgar Castillo 0-0: Ball
1-0: Ball
Wild Pitch!
Justin McQuarter to third
Sung-hwan Jung to second
2-0: 3-RUN HOME RUN (Line Drive, 7D, EV 96.2 MPH), Distance : 384 ft
Batting: LHB Mark Buchholz 0-0: Reached on error, E6 (Groundball, 6M, EV 81.2 MPH)
Batting: RHB Xavier Davis 0-0: Called Strike
0-1: Called Strike
0-2: Ball
Mark Buchholz steals 2nd base
1-2: Fly out, F8 (Flyball, 8RS, EV 87.5 MPH)
Top of the 2nd over - 3 runs, 3 hits, 1 error, 1 left on base; Mississippi 4 - Jacksonville 0
BOTTOM OF THE 2ND
Jacksonville Suns batting - Pitching for Mississippi Braves : RHP Rodolfo Mendez
Batting: RHB Chris Lee 0-0: Ball
1-0: Ball
2-0: Ground out 6-3 (Groundball, 6, EV 106.2 MPH)
Batting: RHB Shelby Peddle 0-0: Ball
1-0: Ball
2-0: Ball
3-0: Base on Balls
Batting: LHB Juan Solorzano 0-0: Ball
1-0: Called Strike
1-1: Swinging Strike
1-2: Foul Ball, location: 2F
1-2: Foul Ball, location: 2F
1-2: Fielders Choice at 2nd, 6-4 (Groundball, 6, EV 85.0 MPH)
Batting: RHB Pat Peterson 0-0: Ball
1-0: Ball
2-0: Ball
3-0: Base on Balls
Juan Solorzano to second
Batting: RHB Wei-guo Tsu 0-0: Ball
1-0: Foul Ball, location: 2F
1-1: Ground out U3 (Groundball, 34S, EV 78.8 MPH)
Bottom of the 2nd over - 0 runs, 0 hits, 0 errors, 2 left on base; Mississippi 4 - Jacksonville 0
TOP OF THE 3RD
Mississippi Braves batting - Pitching for Jacksonville Suns : LHP Jeff Tavella
Batting: SHB Brian Bagley 0-0: Ball
1-0: Ball
2-0: Foul Ball, location: 2F
2-1: Swinging Strike
2-2: Ball
3-2: Foul Ball, location: 2F
3-2: Foul Ball, location: 2F
3-2: Foul Ball, location: 2F
3-2: Base on Balls
Batting: SHB Bob Morales 0-0: Ball
1-0: Called Strike
1-1: Called Strike
1-2: Fielders Choice at 2nd, 4-6 (Groundball, 4, EV 101.9 MPH)
Batting: LHB Chad Persaud 0-0: Called Strike
0-1: Called Strike
0-2: Fielders Choice at 2nd, 3-6 (Groundball, 34S, EV 85.0 MPH)
Batting: RHB Justin McQuarter 0-0: Called Strike
Chad Persaud is caught stealing 2nd base 2-4
Top of the 3rd over - 0 runs, 0 hits, 0 errors, 0 left on base; Mississippi 4 - Jacksonville 0
BOTTOM OF THE 3RD
Jacksonville Suns batting - Pitching for Mississippi Braves : RHP Rodolfo Mendez
Batting: RHB Pi-ao Xú 0-0: Ball
1-0: Foul Ball, location: 2F
1-1: Swinging Strike
1-2: Fly out, F8 (Flyball, 8RXD, EV 96.9 MPH)
Batting: LHB Jose Bregaro 0-0: Ball
1-0: Ball
2-0: Foul Ball, location: 2F
2-1: Fly out, F7 (Flyball, 78S, EV 88.1 MPH)
Batting: LHB Mike Kara 0-0: Ball
1-0: Swinging Strike
1-1: Fly out, F8 (Flyball, 8LD, EV 95.6 MPH)
Bottom of the 3rd over - 0 runs, 0 hits, 0 errors, 0 left on base; Mississippi 4 - Jacksonville 0
TOP OF THE 4TH
Mississippi Braves batting - Pitching for Jacksonville Suns : LHP Jeff Tavella
Batting: RHB Justin McQuarter 0-0: Swinging Strike
0-1: Swinging Strike
0-2: Ball
1-2: Strikes out swinging
Batting: RHB Sung-hwan Jung 0-0: Swinging Strike
0-1: Ball
1-1: Swinging Strike
1-2: Foul Ball, location: 2F
1-2: SOLO HOME RUN (Flyball, 8RXD, EV 110.0 MPH), Distance : 460 ft
Pitching: LHP Gavrilo Brkic
Batting: LHB Jose Chinchilla 0-0: Ball
1-0: Called Strike
1-1: Ball
2-1: Fly out, F9 (Line Drive, 9D, EV 107.5 MPH)
Batting: RHB Edgar Castillo 0-0: Called Strike
0-1: Ball
1-1: Called Strike
1-2: Foul Ball, location: 2F
1-2: Ball
2-2: Ground out 6-3 (Groundball, 6S, EV 88.8 MPH)
Top of the 4th over - 1 run, 1 hit, 0 errors, 0 left on base; Mississippi 5 - Jacksonville 0
BOTTOM OF THE 4TH
Jacksonville Suns batting - Pitching for Mississippi Braves : RHP Rodolfo Mendez
Batting: LHB Chris Jonas 0-0: Called Strike
0-1: Swinging Strike
0-2: SINGLE (Flyball, 78S, EV 92.5 MPH)
Batting: RHB Chris Lee 0-0: Ball
1-0: Swinging Strike
1-1: Swinging Strike
1-2: Reached on error, E4 (Groundball, 4, EV 84.4 MPH)
Chris Jonas to second
Batting: RHB Shelby Peddle 0-0: Called Strike
0-1: Called Strike
0-2: Ball
1-2: Foul Ball, location: 2F
1-2: Strikes out swinging
Batting: LHB Juan Solorzano 0-0: Foul Ball, location: 2F
0-1: Ball
1-1: Ball
2-1: Fly out, F8 (Flyball, 78M, EV 88.1 MPH)
Batting: RHB Pat Peterson 0-0: Ball
1-0: Ball
2-0: SINGLE (Groundball, 56D, EV 108.8 MPH)
Chris Jonas to third
Chris Lee to second
Runner from 3rd tries for Home, SAFE, throw by LF to home
Batting: RHB Wei-guo Tsu 0-0: Called Strike
0-1: Ball
1-1: Fielders Choice at 2nd, 5-4 (Groundball, 5, EV 88.1 MPH)
Bottom of the 4th over - 1 run, 2 hits, 1 error, 2 left on base; Mississippi 5 - Jacksonville 1
TOP OF THE 5TH
Mississippi Braves batting - Pitching for Jacksonville Suns : LHP Gavrilo Brkic
Batting: LHB Mark Buchholz 0-0: Called Strike
0-1: Called Strike
0-2: DOUBLE (Line Drive, 9LM, EV 107.5 MPH)
Pinch Runner at 2nd Johnny Burroughs:
Batting: RHB Xavier Davis 0-0: Intentional Walk
Batting: SHB Brian Bagley 0-0: Called Strike
0-1: Foul Ball, location: 2F
0-2: Ball
1-2: Foul Ball, location: 2F
1-2: Foul Ball, location: 2F
1-2: Ball
2-2: Ball
3-2: Fly out, F8 (Flyball, 89XD, EV 96.2 MPH)
Runner from 2nd tags up, SAFE at 3rd, no throw by CF
Batting: SHB Bob Morales 0-0: Ball
1-0: SINGLE (Line Drive, 34, EV 97.5 MPH)
Johnny Burroughs scores
Xavier Davis to second
Runner from 2nd tries for 3rd, SAFE, throw by RF made to third
Batting: LHB Chad Persaud 0-0: Swinging Strike
0-1: Ball
1-1: Ball
2-1: SINGLE (Groundball, 34, EV 101.9 MPH)
Xavier Davis scores
Bob Morales to second
Runner from 2nd tries for 3rd, SAFE, throw by RF made at trailing runner, OUT! 9-6
Batting: RHB Justin McQuarter 0-0: Swinging Strike
0-1: Called Strike
0-2: SINGLE (Line Drive, 6M, EV 108.8 MPH)
Bob Morales scores
Batting: RHB Sung-hwan Jung 0-0: Called Strike
0-1: SINGLE (Flyball, 4MD, EV 86.9 MPH)
Justin McQuarter to second
Batting: LHB Jose Chinchilla 0-0: Called Strike
0-1: Fly out, F6 (Popup, 6, EV 64.4 MPH)
Top of the 5th over - 3 runs, 5 hits, 0 errors, 2 left on base; Mississippi 8 - Jacksonville 1
BOTTOM OF THE 5TH
Jacksonville Suns batting - Pitching for Mississippi Braves : RHP Rodolfo Mendez
Now at SS: Johnny Burroughs
Batting: RHB Pi-ao Xú 0-0: Called Strike
0-1: Foul Ball, location: 2F
0-2: Ball
1-2: Ball
2-2: Foul Ball, location: 2F
2-2: Ball
3-2: Foul Ball, location: 2F
3-2: Strikes out looking
Batting: LHB Jose Bregaro 0-0: Swinging Strike
0-1: Ball
1-1: Called Strike
1-2: Ground out 3-1 (Groundball, 34S, EV 81.9 MPH)
Batting: LHB Mike Kara 0-0: Ball
1-0: Ball
2-0: Ball
3-0: Called Strike
3-1: Base on Balls
Batting: LHB Chris Jonas 0-0: Ball
Mike Kara steals 2nd base
1-0: Ball
2-0: Ball
3-0: Base on Balls
Batting: RHB Chris Lee 0-0: Ball
1-0: Called Strike
1-1: Fly out, F9 (Line Drive, 9, EV 89.4 MPH)
Bottom of the 5th over - 0 runs, 0 hits, 0 errors, 2 left on base; Mississippi 8 - Jacksonville 1
TOP OF THE 6TH
Mississippi Braves batting - Pitching for Jacksonville Suns : LHP Gavrilo Brkic
Batting: RHB Edgar Castillo 0-0: Foul Ball, location: 2F
0-1: Ball
1-1: Swinging Strike
1-2: Ball
2-2: Strikes out looking
Batting: RHB Johnny Burroughs 0-0: Ball
1-0: Swinging Strike
1-1: Ball
2-1: Called Strike
2-2: Foul Ball, location: 2F
2-2: Strikes out swinging
Batting: RHB Xavier Davis 0-0: Ball
1-0: Ball
2-0: Called Strike
2-1: Ground out 4-3 (Groundball, 4, EV 100.6 MPH)
Top of the 6th over - 0 runs, 0 hits, 0 errors, 0 left on base; Mississippi 8 - Jacksonville 1
BOTTOM OF THE 6TH
Jacksonville Suns batting - Pitching for Mississippi Braves : RHP Rodolfo Mendez
Batting: RHB Shelby Peddle 0-0: Ball
1-0: Ball
2-0: Ground out 5-3 (Groundball, 56, EV 87.5 MPH)
Batting: LHB Juan Solorzano 0-0: Called Strike
0-1: Foul Ball, location: 2F
0-2: Ball
1-2: Strikes out swinging
Batting: RHB Pat Peterson 0-0: Called Strike
0-1: Ball
1-1: Ball
2-1: Ball
3-1: Base on Balls
Batting: RHB Wei-guo Tsu 0-0: Fly out, F7 (Flyball, 7, EV 90.0 MPH)
Bottom of the 6th over - 0 runs, 0 hits, 0 errors, 1 left on base; Mississippi 8 - Jacksonville 1
TOP OF THE 7TH
Mississippi Braves batting - Pitching for Jacksonville Suns : LHP Gavrilo Brkic
Batting: SHB Brian Bagley 0-0: Fly out, F7 (Flyball, 7LD, EV 103.1 MPH)
Batting: SHB Bob Morales 0-0: Fly out, F3 (Popup, 3, EV 72.5 MPH)
Pinch Hitting: LHB Mark Thomas 0-0: Foul Ball, location: 2F
0-1: Swinging Strike
0-2: Ball
1-2: Ball
2-2: Strikes out swinging
Top of the 7th over - 0 runs, 0 hits, 0 errors, 0 left on base; Mississippi 8 - Jacksonville 1
BOTTOM OF THE 7TH
Jacksonville Suns batting - Pitching for Mississippi Braves : RHP Rodolfo Mendez
Now in LF: Mark Thomas
Now in RF: Edgar Castillo
Batting: RHB Pi-ao Xú 0-0: Called Strike
0-1: Ball
1-1: Foul Ball, location: 2F
1-2: SOLO HOME RUN (Flyball, 9LD, EV 97.5 MPH), Distance : 355 ft
Pitching: RHP Matt Peck
Batting: LHB Jose Bregaro 0-0: Fly out, F7 (Line Drive, 7, EV 88.1 MPH)
Batting: LHB Mike Kara 0-0: Ball
1-0: Ball
2-0: SINGLE (Line Drive, 8RS, EV 111.2 MPH)
Batting: LHB Chris Jonas 0-0: Called Strike
Mike Kara steals 2nd base
0-1: Called Strike
Mike Kara steals 3rd base
0-2: Ground out U3 (Groundball, 3, EV 100.0 MPH)
Batting: RHB Chris Lee 0-0: Ball
1-0: Swinging Strike
1-1: Ground out 3-1 (Groundball, 34, EV 106.2 MPH)
Bottom of the 7th over - 1 run, 2 hits, 0 errors, 1 left on base; Mississippi 8 - Jacksonville 2
TOP OF THE 8TH
Mississippi Braves batting - Pitching for Jacksonville Suns : LHP Gavrilo Brkic
Pitching: RHP Stefan Snel
Batting: RHB Justin McQuarter 0-0: Called Strike
0-1: Foul Ball, location: 2F
0-2: Ball
1-2: Strikes out swinging
Batting: RHB Sung-hwan Jung 0-0: Ground out 6-3 (Groundball, 6, EV 103.1 MPH)
Batting: LHB Jose Chinchilla 0-0: SINGLE (Groundball, 4MD, EV 96.2 MPH)
Batting: RHB Edgar Castillo 0-0: Ball
1-0: Called Strike
Jose Chinchilla steals 2nd base
1-1: Called Strike
1-2: Strikes out swinging
Top of the 8th over - 0 runs, 1 hit, 0 errors, 1 left on base; Mississippi 8 - Jacksonville 2
BOTTOM OF THE 8TH
Jacksonville Suns batting - Pitching for Mississippi Braves : RHP Matt Peck
Batting: RHB Shelby Peddle 0-0: Ball
1-0: Called Strike
1-1: Ball
2-1: SINGLE (Groundball, 6, EV 105.6 MPH)
Batting: LHB Juan Solorzano 0-0: Ball
1-0: Swinging Strike
1-1: Swinging Strike
1-2: Strikes out looking
Batting: RHB Pat Peterson 0-0: Foul Ball, location: 2F
0-1: Swinging Strike
0-2: Ball
1-2: Ball
2-2: Foul Ball, location: 2F
2-2: Ball
3-2: Foul Ball, location: 2F
3-2: Base on Balls
Shelby Peddle to second
Batting: RHB Wei-guo Tsu 0-0: Called Strike
0-1: Foul Ball, location: 2F
0-2: Strikes out swinging
Batting: RHB Pi-ao Xú 0-0: Ball
1-0: Ball
2-0: Foul Ball, location: 2F
2-1: Fielders Choice at 2nd, 5-4 (Groundball, 5, EV 90.0 MPH)
Bottom of the 8th over - 0 runs, 1 hit, 0 errors, 2 left on base; Mississippi 8 - Jacksonville 2
TOP OF THE 9TH
Mississippi Braves batting - Pitching for Jacksonville Suns : RHP Stefan Snel
Batting: RHB Johnny Burroughs 0-0: Called Strike
0-1: Ground out 6-3 (Groundball, 56, EV 80.6 MPH)
Batting: RHB Xavier Davis 0-0: Ball
1-0: Called Strike
1-1: Ball
2-1: Swinging Strike
2-2: Foul Ball, location: 2F
2-2: Strikes out swinging
Batting: SHB Brian Bagley 0-0: Called Strike
0-1: Swinging Strike
0-2: Ball
1-2: Ball
2-2: Foul Ball, location: 2F
2-2: DOUBLE (Flyball, 8LXD, EV 108.1 MPH)
Batting: SHB Bob Morales 0-0: Ball
1-0: Fly out, F4 (Popup, 23, EV 83.8 MPH)
Top of the 9th over - 0 runs, 1 hit, 0 errors, 1 left on base; Mississippi 8 - Jacksonville 2
BOTTOM OF THE 9TH
Jacksonville Suns batting - Pitching for Mississippi Braves : RHP Matt Peck
Batting: LHB Jose Bregaro 0-0: Called Strike
0-1: Ball
1-1: Ball
2-1: Ball
3-1: Foul Ball, location: 2F
3-2: Fly out, F7 (Flyball, 78M, EV 74.4 MPH)
Batting: LHB Mike Kara 0-0: Ground out U3 (Groundball, 3, EV 83.8 MPH)
Batting: LHB Chris Jonas 0-0: Called Strike
0-1: Foul Ball, location: 2F
0-2: SINGLE (Line Drive, 89S, EV 106.2 MPH)
Batting: RHB Chris Lee 0-0: Ball
1-0: TRIPLE (Line Drive, 89XD, EV 105.0 MPH)
Chris Jonas scores
Pitching: RHP Carlos Esquivel
Batting: RHB Shelby Peddle 0-0: Called Strike
0-1: Ball
1-1: Ball
2-1: Swinging Strike
2-2: Strikes out looking
Bottom of the 9th over - 1 run, 2 hits, 0 errors, 1 left on base; Mississippi 8 - Jacksonville 3
Wednesday, June 22nd , 2022 - OOTP Baseball 23.4 Build 64